 Dungeon Crawl Stone Soup version 0.13-a0-2537-g1f6edf4 (webtiles) character file.

472 Kae the Chopper (level 6, -4/51 HPs)
             Began as a Hill Orc Abyssal Knight on July 27, 2013.
             Was a Believer of Lugonu.
             Slain by a worker ant (6 damage)
             ... on Level 4 of the Dungeon.
             The game lasted 00:03:55 (4379 turns).

Kae the Chopper (Hill Orc Abyssal Knight)           Turns: 4379, Time: 00:03:55

HP  -4/51        AC  3     Str 17      XL: 6   Next: 30%
MP  10/10        EV 11     Int 12      God: Lugonu [**....]
Gold 186         SH  0     Dex 10      Spells:  0 memorised,  5 levels left

Res.Fire  : . . .   See Invis. : .   a - +3,+2 orc hand axe (curse) {=f}
Res.Cold  : . . .   Warding    : .   b - +0 orc leather armour
Life Prot.: . . .   Conserve   : .   (no shield)
Res.Poison: .       Res.Corr.  : .   (no helmet)
Res.Elec. : .       Clarity    : .   (no cloak)
Sust.Abil.: . .     Spirit.Shd : .   (no gloves)
Res.Mut.  : .       Stasis     : .   (no boots)
Res.Rott. : .       Flight     : .   (no amulet)
Saprovore : + . .                    (no ring)
                                     (no ring)

@: slightly resistant to hostile enchantments, very unstealthy
A: saprovore 1
a: Depart the Abyss, Bend Space, Renounce Religion


You were on level 4 of the Dungeon.
You worshipped Lugonu.
Lugonu was greatly pleased with you.
You were starving.

You visited 1 branch of the dungeon, and saw 4 of its levels.
You visited the Abyss 1 time.

You collected 166 gold pieces.

Inventory:

Hand weapons
 a - a cursed +3,+2 orcish hand axe (weapon) {=f}
Armour
 b - a +0 orcish leather armour (worn)
Comestibles
 c - a meat ration
 n - a bread ration
Scrolls
 e - 2 scrolls of fog
 f - a scroll of curse jewellery {unknown}
 k - 3 scrolls of identify
 m - a scroll of blinking {unknown}
 o - a scroll of enchant weapon II {unknown}
 p - a scroll of magic mapping {unknown}
Jewellery
 d - an uncursed ring of wizardry {unknown}
Potions
 g - a potion of cure mutation
 i - a potion of resistance {unknown}
 j - a potion of speed {unknown}
 l - a potion of slowing {unknown}


   Skills:
 - Level 4.4 Fighting
 * Level 5.9 Axes
 - Level 3.0 Armour
 - Level 1.5 Dodging
 - Level 0.3 Stealth
 + Level 4.5 Invocations


You had 5 spell levels left.
You didn't know any spells.

Dungeon Overview and Level Annotations

Branches:
Dungeon (4/27)
 Temple: D:4-7

Altars:
Okawaru


Innate Abilities, Weirdness & Mutations

You can tolerate rotten meat.


Message History

The quasit closely misses you.
The quasit disappears in a puff of smoke!
The shadow imp hits you.
* * * LOW HITPOINT WARNING * * *
The quokka bites you.
* * * LOW HITPOINT WARNING * * *
The ufetubus hits you but does no damage.
The ufetubus barely misses you.
The shadow imp disappears in a puff of smoke!
The ufetubus misses you. The ufetubus completely misses you.
Drink which item? (? for menu, Esc to quit)
Magic courses through your body.
It was a potion of magic.
The ufetubus disappears in a puff of smoke!
The worker ant bites you.
* * * LOW HITPOINT WARNING * * *
The green rat twitches its whiskers.
A hobgoblin comes into view.
The hobgoblin shouts!
The worker ant bites you.
You die...

#.# #.# ######.#####
###........<.#
.............# #
##..........# #..
####..........#
###...#..r.....######
........@ar....#
##....#.r......# #g#
#........# #######.##
#.# #.# #.# ..# ..#


You could see a worker ant, 2 green rats, a quokka and a hobgoblin.

Vanquished Creatures
  Eustachio (D:4)
  6 adders
  A worm (D:3)
  A giant mite (D:3)
  7 orcs
  6 bats
  3 giant cockroaches
  10 goblins
  6 hobgoblins
  10 jackals
  5 kobolds
  2 quokkas (D:3)
  4 training dummies (D:2)
  A ball python (D:1)
  5 giant newts
  6 rats
74 creatures vanquished.

Notes
Turn   | Place    | Note
--------------------------------------------------------------
     0 | Abyss:1  | Kae, the Hill Orc Abyssal Knight, began the quest for the Orb.
     0 | Abyss:1  | Reached XP level 1. HP: 17/17 MP: 1/1
    51 | Abyss:1  | Noticed a small abomination
    62 | D:1      | Escaped the Abyss
   487 | D:1      | Reached XP level 2. HP: 14/24 MP: 2/2
   537 | D:1      | Acquired Lugonu's first power
   537 | D:1      | Reached skill level 4 in Fighting
  1100 | D:2      | Reached XP level 3. HP: 14/30 MP: 4/4
  1328 | D:2      | Found an iron altar of Okawaru.
  1538 | D:2      | Reached skill level 1 in Dodging
  1542 | D:2      | Reached XP level 4. HP: 6/38 MP: 5/5
  1569 | D:2      | HP: 1/38 [poisoned by an adder]
  2492 | D:3      | Acquired Lugonu's second power
  3378 | D:3      | Reached XP level 5. HP: 33/44 MP: 7/7
  3726 | D:3      | Acquired Lugonu's third power
  4059 | D:4      | Noticed Eustachio
  4367 | D:4      | Killed Eustachio
  4367 | D:4      | Reached skill level 5 in Axes
  4367 | D:4      | Reached XP level 6. HP: 16/51 MP: 8/10
  4378 | D:4      | HP: 2/51 [worker ant (3)]
  4379 | D:4      | Slain by a worker ant

Action                   |  1- 3 |  4- 6 || total
-------------------------+-------+-------++-------
Melee: Hand axe          |    89 |   139 ||   228
Invok: Depart the Abyss  |     1 |       ||     1
       Bend Space        |       |     4 ||     4
  Use: Scroll            |       |     5 ||     5
       Potion            |       |     5 ||     5
